 Dungeon Crawl Stone Soup version 0.27.0-1-g7a089689b8 (webtiles) character file.

Game seed: 18411282584793855349

50 GordonOverkill the Grave Robber (level 3, 0/16 HPs)
             Began as a Felid Necromancer on Aug 3, 2021.
             Slain by a goblin (3 damage)
             ... led by Robin
             ... on level 2 of the Dungeon.
             The game lasted 00:02:56 (1699 turns).

GordonOverkill the Grave Robber (Felid Necromancer) Turns: 1699, Time: 00:02:57

Health: 0/16       AC:  1    Str:  4    XL:     3   Next: 55%
Magic:  5/8        EV: 17    Int: 17    God:
Gold:   62         SH:  0    Dex: 16    Spells: 4/8 levels left
                                        Lives:  0   Deaths: 0

rFire    . . .     SeeInvis +   (weapon unavailable)
rCold    . . .     Faith    .   (shield unavailable)
rNeg     . . .     Spirit   .   (armour unavailable)
rPois    .         Reflect  .   (helmet unavailable)
rElec    .         Harm     .   (cloak unavailable)
rCorr    .         Rampage  .   (gloves unavailable)
Will     .....                  (boots unavailable)
Stlth    ++........             (no amulet)
HPRegen  0.05/turn              (no ring)
MPRegen  0.11/turn              (no ring)

@: quick
A: very small, claws 1, fangs 3, see invisible, speed 1, shaggy fur 1, stealthy
paws, no weapons or thrown items, no armour, multi-lived
a: no special abilities


You were on level 2 of the Dungeon.
You visited 1 branch of the dungeon, and saw 3 of its levels.

You collected 62 gold pieces.

Inventory:

Jewellery
 b - a ring of fire
Scrolls
 a - a scroll of identify {unknown}


   Skills:
 + Level 2.2 Fighting
 - Level 2.6 Dodging
 - Level 2.6 Stealth
 + Level 3.0 Spellcasting
 - Level 4.0 Necromancy


You had 4 spell levels left.
You knew the following spells:

 Your Spells              Type           Power      Damage    Failure   Level
a - Pain                  Necr           64%        1d7       3%          1
b - Vampiric Draining     Necr           8%         2d7       10%         3

Your spell library contained the following spells:

 Spells                   Type           Power      Damage    Failure   Level
 Animate Skeleton         Necr           32%        N/A       3%          1
 Animate Dead             Necr           8%         N/A       32%         4
 Agony                    Necr           16%        N/A       67%         5


Dungeon Overview and Level Annotations

Branches:
Dungeon (3/15)

Altars:
The Shining One

Annotations:
D:2 Robin


Innate Abilities, Weirdness & Mutations

You have sharp claws.
You have razor-sharp teeth.
You have supernaturally acute eyesight. (SInv)
You cover ground quickly. (Speed+)
You are covered in fur. (AC +1)
Your paws help you pounce on unaware monsters.
You are incapable of wielding weapons or throwing items.
You cannot wear armour.
You gain extra lives every three experience levels.


Message History

A kobold comes into view. It is wielding a +0 short sword.
There is an open door here.
A goblin and a hobgoblin come into view.
Robin shouts!
The hobgoblin shouts!
You scratch Robin but do no damage.
You hear a shout!
A goblin comes into view. It is wielding a +0 club.
Robin roars a battlecry!
The goblins go into a battle-frenzy!
You hear a shout!
A goblin comes into view. It is wielding a +0 dagger.
The goblin shouts!
Robin roars a battlecry!
The goblin goes into a battle-frenzy!
Robin misses you.
You open the door. Robin throws the goblin at you!
You closely miss the goblin. The goblin completely misses you.
Robin throws the goblin at you! The goblin misses you.
Robin throws the goblin at you! The goblin closely misses you.
The goblin hits you with a +0 dagger.
* * * LOW HITPOINT WARNING * * *
The goblin barely misses you. Robin completely misses you.
The hobgoblin misses you.
Robin roars a battlecry!
The goblin goes into a battle-frenzy!
The hobgoblin closely misses you.
The goblin no longer looks unusually strong.
Robin roars a battlecry!
The goblin goes into a battle-frenzy!
The goblin closely misses you. Robin throws the goblin at you!
There is an open door here.
You scratch the goblin.
The goblin is heavily wounded.
The goblin hits you with a +0 dagger.
* * * LOW HITPOINT WARNING * * *
You scratch the goblin but do no damage.
The goblin is heavily wounded.
The goblin misses you. The goblin hits you with a +0 dagger.
You die...

#.# #.# #.######## #........#
#.#####..# #........####### #
######################........#
#
#......#....gg########.####.###
# #......'...ggg@g.........##.#
# #......#....gg########.#.##.#
###......#......#......#.#....#
..g.............'......'>######
.#######..[.....#......###
.....# ###......#......# .....#
###'####......# .....# #.#
#......# .....# #.# #......#


You could see Robin, a hobgoblin (strong) and 6 goblins.

Vanquished Creatures
  3 adders (D:2)
  3 endoplasms
  4 goblins
  5 hobgoblins
  A quokka (D:1)
  A ball python (D:1)
  3 bats
  A frilled lizard (D:1)
  2 kobolds (D:1)
  A rat (D:2)
24 creatures vanquished.

Notes
Turn   | Place    | Note
-------+----------+-------------------------------------------
     0 | D:1      | GordonOverkill the Felid Necromancer began the quest for
                  | the Orb.
     0 | D:1      | Reached XP level 1. HP: 7/7 MP: 4/4
    85 | D:1      | Found a faded altar of an unknown god.
   397 | D:1      | Reached skill level 1 in Fighting
   438 | D:1      | Reached XP level 2. HP: 8/12 MP: 4/6
   646 | D:2      | Noticed Robin
   953 | D:2      | Found a glowing golden altar of the Shining One.
   990 | D:2      | Reached XP level 3. HP: 6/16 MP: 4/8
   994 | D:2      | Learned a level 3 spell: Vampiric Draining
  1699 | D:2      | Slain by a goblin

Illustrated notes

Levels and vault maps discovered:
D:1:      dpeg_arrival_refuge, layout_rooms,
          shapermc_ecumenical_altar_starsandcircs, minmay_bisected
D:2:      layout_basic, basic_altar, minmay_increasing_density, uniq_terence,
          uniq_robin
D:3:      layout_loops_ring, serial_shops, nicolae_shop_behind_doors

Skill      XL: |  1  2  3 |
---------------+----------+-----
Fighting       | 1 2 |  2.2
Spellcasting   | 3 |  3.0
Dodging        | |  2.6
Stealth        | |  2.6
Necromancy     | |  4.0

Action                   || total
-------------------------++-------
Melee: Unarmed           ||     5
 Cast: Pain              ||    54
       Vampiric Draining ||     1
  Use: Potion            ||     2
       Scroll            ||     1
 Stab: Sleeping          ||     1
Dodge: Dodged            ||    21
